SL
BUCKHEAD BOWTIES @ DETROIT ELITE
09/05/2042
 
TOP OF THE 1ST
Buckhead Bowties batting - Pitching for Detroit Elite : RHP Carl MacPherson
Pitching: RHP Carl MacPherson
Batting: SHB Silvio Capitanio 0-0: Called Strike
0-1: Ball
1-1: Swinging Strike
1-2: Ground out 4-3 (Groundball, 4D, EV 103.1 MPH)
Batting: LHB Marcus Shill 0-0: Called Strike
0-1: Swinging Strike
0-2: Ball
1-2: Strikes out swinging
Batting: LHB Jesús Encarnación 0-0: Swinging Strike
0-1: Ball
1-1: Foul Ball, location: 2F
1-2: Ball
2-2: SINGLE (Flyball, 8LS, EV 95.0 MPH)
Batting: LHB Jared Schneider 0-0: Ball
1-0: Ball
2-0: Ground out 1-3 (Groundball, 25, EV 69.4 MPH)
Top of the 1st over - 0 runs, 1 hit, 0 errors, 1 left on base; Buckhead 0 - Detroit 0
BOTTOM OF THE 1ST
Detroit Elite batting - Pitching for Buckhead Bowties : LHP Jong-yong Ha
Pitching: LHP Jong-yong Ha
Batting: RHB Víctor Cuevas 0-0: Ball
1-0: Ball
2-0: Called Strike
2-1: Foul Ball, location: 2F
2-2: Foul Ball, location: 2F
2-2: Foul Ball, location: 2F
2-2: SOLO HOME RUN (Flyball, 7D, EV 107.5 MPH), Distance : 370 ft
Batting: RHB Manuel Ramos 0-0: Called Strike
0-1: SINGLE (Groundball, 4D, EV 102.5 MPH)
Batting: RHB Amon-Ra St. Brown 0-0: Foul Ball, location: 2F
0-1: Ball
1-1: Ball
2-1: Ball
3-1: Base on Balls
Manuel Ramos to second
Batting: RHB Jeff Solís 0-0: Called Strike
0-1: Swinging Strike
0-2: Grounds into double play, 6-4-3 (Groundball, 6S, EV 86.2 MPH)
Manuel Ramos to third
Batting: RHB Freedon Akinmoladun 0-0: Ball
1-0: SINGLE (Line Drive, 9S, EV 90.6 MPH)
Manuel Ramos scores
Batting: RHB Estanislao Hirigoyen 0-0: Called Strike
0-1: Hit by Pitch
Freedon Akinmoladun to second
Batting: LHB Ashley Thachi 0-0: Ball
1-0: Ground out 4-3 (Groundball, 4, EV 96.2 MPH)
Bottom of the 1st over - 2 runs, 3 hits, 0 errors, 2 left on base; Buckhead 0 - Detroit 2
TOP OF THE 2ND
Buckhead Bowties batting - Pitching for Detroit Elite : RHP Carl MacPherson
Batting: LHB Spencer Powell 0-0: Ball
1-0: Ball
2-0: Ball
3-0: Called Strike
3-1: Foul Ball, location: 2F
3-2: Strikes out swinging
Batting: LHB Charles Godard 0-0: Ball
1-0: Swinging Strike
1-1: Swinging Strike
1-2: Strikes out looking
Batting: RHB Juan Barrón 0-0: Fly out, F8 (Flyball, 78D, EV 98.8 MPH)
Top of the 2nd over - 0 runs, 0 hits, 0 errors, 0 left on base; Buckhead 0 - Detroit 2
BOTTOM OF THE 2ND
Detroit Elite batting - Pitching for Buckhead Bowties : LHP Jong-yong Ha
Batting: RHB Sergio Aguero 0-0: Ground out 4-3 (Groundball, 4, EV 90.0 MPH)
Batting: LHB Jack McCusker 0-0: Ball
1-0: Called Strike
1-1: Ground out 4-3 (Groundball, 4, EV 90.0 MPH)
Batting: RHB Víctor Cuevas 0-0: Ball
1-0: Ground out 5-3 (Groundball, 56S, EV 65.6 MPH)
Bottom of the 2nd over - 0 runs, 0 hits, 0 errors, 0 left on base; Buckhead 0 - Detroit 2
TOP OF THE 3RD
Buckhead Bowties batting - Pitching for Detroit Elite : RHP Carl MacPherson
Batting: RHB Cam Lumsden 0-0: Foul Ball, location: 2F
0-1: Ball
1-1: SINGLE (Popup, 3D, EV 71.2 MPH)
Batting: RHB Obiniana Romulo 0-0: Called Strike
0-1: Foul Ball, location: 2F
0-2: Strikes out swinging
Batting: SHB Silvio Capitanio 0-0: Ball
1-0: Fly out, F7 (Flyball, 7S, EV 89.4 MPH)
Batting: LHB Marcus Shill 0-0: Ball
1-0: Ball
2-0: Ball
3-0: Called Strike
3-1: Base on Balls
Cam Lumsden to second
Batting: LHB Jesús Encarnación 0-0: Ball
1-0: Foul Ball, location: 2F
1-1: Foul Ball, location: 2F
1-2: Ball
2-2: Ball
3-2: Fly out, F3 (Popup, 3F, EV 79.4 MPH)
Top of the 3rd over - 0 runs, 1 hit, 0 errors, 2 left on base; Buckhead 0 - Detroit 2
BOTTOM OF THE 3RD
Detroit Elite batting - Pitching for Buckhead Bowties : LHP Jong-yong Ha
Batting: RHB Manuel Ramos 0-0: Ball
1-0: Ball
2-0: Ground out 6-3 (Groundball, 6, EV 88.8 MPH)
Batting: RHB Amon-Ra St. Brown 0-0: Ball
1-0: TRIPLE (Line Drive, 89XD, EV 103.8 MPH)
Batting: RHB Jeff Solís 0-0: Foul Ball, location: 2F
0-1: Ball
1-1: Foul Ball, location: 2F
1-2: Fly out, F7 (Flyball, 7S, EV 87.5 MPH)
Batting: RHB Freedon Akinmoladun 0-0: Ball
1-0: Ball
2-0: Swinging Strike
2-1: Foul Ball, location: 2F
2-2: Strikes out swinging
Bottom of the 3rd over - 0 runs, 1 hit, 0 errors, 1 left on base; Buckhead 0 - Detroit 2
TOP OF THE 4TH
Buckhead Bowties batting - Pitching for Detroit Elite : RHP Carl MacPherson
Batting: LHB Jared Schneider 0-0: Ball
1-0: Foul Ball, location: 2F
1-1: Foul Ball, location: 2F
1-2: Strikes out swinging
Batting: LHB Spencer Powell 0-0: Foul Ball, location: 2F
0-1: Ball
1-1: Foul Ball, location: 2F
1-2: Ball
2-2: Foul Ball, location: 2F
2-2: Strikes out looking
Batting: LHB Charles Godard 0-0: Ball
1-0: Foul Ball, location: 2F
1-1: SINGLE (Groundball, 3D, EV 100.6 MPH)
Batting: RHB Juan Barrón 0-0: Ball
1-0: SINGLE (Groundball, 6MD, EV 96.2 MPH)
Charles Godard to second
Batting: RHB Cam Lumsden 0-0: Ball
1-0: Ball
2-0: Called Strike
2-1: Ground out 3-1 (Groundball, 34, EV 101.2 MPH)
Top of the 4th over - 0 runs, 2 hits, 0 errors, 2 left on base; Buckhead 0 - Detroit 2
BOTTOM OF THE 4TH
Detroit Elite batting - Pitching for Buckhead Bowties : LHP Jong-yong Ha
Batting: RHB Estanislao Hirigoyen 0-0: Ball
1-0: Called Strike
1-1: Foul Ball, location: 2F
1-2: Strikes out swinging
Batting: LHB Ashley Thachi 0-0: Ball
1-0: Swinging Strike
1-1: Foul Ball, location: 2F
1-2: Fly out, F8 (Line Drive, 8LM, EV 94.4 MPH)
Batting: RHB Sergio Aguero 0-0: Fly out, F8 (Line Drive, 8LD, EV 89.4 MPH)
Bottom of the 4th over - 0 runs, 0 hits, 0 errors, 0 left on base; Buckhead 0 - Detroit 2
TOP OF THE 5TH
Buckhead Bowties batting - Pitching for Detroit Elite : RHP Carl MacPherson
Batting: RHB Obiniana Romulo 0-0: SINGLE (Groundball, 56D, EV 107.5 MPH)
Batting: SHB Silvio Capitanio 0-0: Ball
1-0: Fly out, F8 (Flyball, 8LD, EV 106.2 MPH)
Batting: LHB Marcus Shill 0-0: Ball
1-0: Ball
Passed Ball!
Obiniana Romulo to second
2-0: Called Strike
2-1: Ground out 4-3 (Groundball, 4, EV 83.1 MPH)
Obiniana Romulo to third
Batting: LHB Jesús Encarnación 0-0: Called Strike
0-1: Ball
1-1: DOUBLE (Line Drive, 78M, EV 111.2 MPH)
Obiniana Romulo scores
Batting: LHB Jared Schneider 0-0: Called Strike
0-1: Ball
1-1: Fly out, F7 (Line Drive, 7, EV 90.6 MPH)
Top of the 5th over - 1 run, 2 hits, 0 errors, 1 left on base; Buckhead 1 - Detroit 2
BOTTOM OF THE 5TH
Detroit Elite batting - Pitching for Buckhead Bowties : LHP Jong-yong Ha
Batting: LHB Jack McCusker 0-0: Ball
1-0: Swinging Strike
1-1: Called Strike
1-2: Ball
2-2: Fly out, F9 (Flyball, 9S, EV 80.6 MPH)
Batting: RHB Víctor Cuevas 0-0: Fly out, F8 (Flyball, 8RXD, EV 101.2 MPH)
Batting: RHB Manuel Ramos 0-0: Ball
1-0: Foul Ball, location: 2F
1-1: Fly out, F3 (Popup, 3F, EV 65.0 MPH)
Bottom of the 5th over - 0 runs, 0 hits, 0 errors, 0 left on base; Buckhead 1 - Detroit 2
TOP OF THE 6TH
Buckhead Bowties batting - Pitching for Detroit Elite : RHP Carl MacPherson
Pitching: RHP Jeffery Prosser
Batting: LHB Spencer Powell 0-0: Swinging Strike
0-1: Ball
1-1: Swinging Strike
1-2: Ball
2-2: Ball
3-2: Base on Balls
Batting: LHB Charles Godard 0-0: Ball
1-0: Ball
2-0: Fly out, F9 (Flyball, 9LSF, EV 88.8 MPH)
Batting: RHB Juan Barrón 0-0: Called Strike
0-1: Ball
1-1: Ball
2-1: Foul Ball, location: 2F
2-2: Ball
3-2: Base on Balls
Spencer Powell to second
Pitching: RHP Martín García
Batting: RHB Cam Lumsden 0-0: Ball
1-0: Foul Ball, location: 2F
1-1: Ball
2-1: Ball
3-1: Fly out, F9 (Flyball, 9LS, EV 88.8 MPH)
Batting: RHB Obiniana Romulo 0-0: Ball
1-0: Foul Ball, location: 2F
1-1: Foul Ball, location: 2F
1-2: Ball
2-2: Ball
3-2: Strikes out swinging
Top of the 6th over - 0 runs, 0 hits, 0 errors, 2 left on base; Buckhead 1 - Detroit 2
BOTTOM OF THE 6TH
Detroit Elite batting - Pitching for Buckhead Bowties : LHP Jong-yong Ha
Batting: RHB Amon-Ra St. Brown 0-0: SINGLE (Line Drive, 8LS, EV 92.5 MPH)
Batting: RHB Jeff Solís 0-0: Ball
1-0: Foul Ball, location: 2F
1-1: Ball
2-1: Called Strike
2-2: Grounds into double play, 4-6-3 (Groundball, 4, EV 84.4 MPH)
Batting: RHB Freedon Akinmoladun 0-0: Ball
1-0: Called Strike
1-1: Called Strike
1-2: Strikes out looking
Bottom of the 6th over - 0 runs, 1 hit, 0 errors, 0 left on base; Buckhead 1 - Detroit 2
TOP OF THE 7TH
Buckhead Bowties batting - Pitching for Detroit Elite : RHP Martín García
Now in LF: Jeff Griffin
Batting: SHB Silvio Capitanio 0-0: Ball
1-0: Ground out 1-3 (Groundball, 13, EV 83.1 MPH)
Batting: LHB Marcus Shill 0-0: Ball
1-0: Ball
2-0: Fly out, F7 (Flyball, 7, EV 87.5 MPH)
Batting: LHB Jesús Encarnación 0-0: Called Strike
0-1: Foul Ball, location: 2F
0-2: Ball
1-2: Ball
2-2: Foul Ball, location: 2F
2-2: Ball
3-2: Foul Ball, location: 2F
3-2: Base on Balls
Batting: LHB Jared Schneider 0-0: Ball
1-0: Ball
2-0: Foul Ball, location: 2F
2-1: Foul Ball, location: 2F
2-2: Ball
3-2: Strikes out looking
Top of the 7th over - 0 runs, 0 hits, 0 errors, 1 left on base; Buckhead 1 - Detroit 2
BOTTOM OF THE 7TH
Detroit Elite batting - Pitching for Buckhead Bowties : LHP Jong-yong Ha
Batting: RHB Estanislao Hirigoyen 0-0: Called Strike
0-1: Ball
1-1: Foul Ball, location: 2F
1-2: Foul Ball, location: 2F
1-2: Ground out 4-3 (Groundball, 4MD, EV 80.0 MPH)
Batting: LHB Ashley Thachi 0-0: Foul Ball, location: 2F
0-1: Fly out, F8 (Flyball, 8RM, EV 84.4 MPH)
Batting: RHB Sergio Aguero 0-0: Ball
1-0: Ball
2-0: Called Strike
2-1: Called Strike
2-2: SINGLE (Groundball, 4MD, EV 101.9 MPH)
Batting: LHB Jack McCusker 0-0: Foul Ball, location: 2F
0-1: Foul Ball, location: 2F
0-2: Ball
1-2: Foul Ball, location: 2F
1-2: Strikes out swinging
Bottom of the 7th over - 0 runs, 1 hit, 0 errors, 1 left on base; Buckhead 1 - Detroit 2
TOP OF THE 8TH
Buckhead Bowties batting - Pitching for Detroit Elite : RHP Martín García
Batting: LHB Spencer Powell 0-0: SINGLE (Line Drive, 78S, EV 101.9 MPH)
Pitching: LHP Paco Salazar
Pinch Hitting: RHB Barsati Saraf 0-0: Called Strike
0-1: Ball
1-1: Sac Bunt to 25 - play at first, batter OUT! 5-4
Spencer Powell to second
Batting: RHB Juan Barrón 0-0: DOUBLE (Groundball, 5L, EV 101.9 MPH)
Spencer Powell scores
Batting: RHB Cam Lumsden 0-0: Ball
1-0: Called Strike
1-1: DOUBLE (Line Drive, 89D, EV 105.6 MPH)
Juan Barrón scores
Batting: RHB Obiniana Romulo 0-0: Ball
1-0: Called Strike
1-1: Ball
2-1: Ball
3-1: Foul Ball, location: 2F
3-2: Foul Ball, location: 2F
3-2: Foul Ball, location: 2F
3-2: Base on Balls
Batting: SHB Silvio Capitanio 0-0: Ball
1-0: Fly out, F7 (Flyball, 7D, EV 107.5 MPH)
Runner from 2nd tags up, SAFE at 3rd, no throw by LF
Batting: LHB Marcus Shill 0-0: DOUBLE (Line Drive, 78XD, EV 105.6 MPH)
Cam Lumsden scores
Obiniana Romulo to third
Batting: LHB Jesús Encarnación 0-0: Ball
1-0: Ball
2-0: Ball
3-0: Base on Balls
Batting: LHB Jared Schneider 0-0: Ball
1-0: TRIPLE (Flyball, 9LD, EV 106.2 MPH)
Obiniana Romulo scores
Marcus Shill scores
Jesús Encarnación scores
Pitching: RHP Joel Plowden
Batting: LHB Spencer Powell 0-0: Called Strike
0-1: Called Strike
0-2: DOUBLE (Line Drive, 9LM, EV 105.6 MPH)
Jared Schneider scores
Batting: RHB Barsati Saraf 0-0: Ball
1-0: Ball
2-0: Fly out, F8 (Flyball, 8LM, EV 86.2 MPH)
Top of the 8th over - 7 runs, 6 hits, 0 errors, 1 left on base; Buckhead 8 - Detroit 2
BOTTOM OF THE 8TH
Detroit Elite batting - Pitching for Buckhead Bowties : LHP Jong-yong Ha
Now in RF: Barsati Saraf
Batting: LHB Jeff Griffin 0-0: Called Strike
0-1: Swinging Strike
0-2: Ball
1-2: Strikes out swinging
Batting: RHB Manuel Ramos 0-0: Ball
1-0: Ground out 5-3 (Groundball, 56, EV 83.8 MPH)
Batting: RHB Amon-Ra St. Brown 0-0: Ball
1-0: Swinging Strike
1-1: SINGLE (Line Drive, 8LS, EV 87.5 MPH)
Pitching: RHP Chin-yau Liu
Batting: RHB Jeff Solís 0-0: Swinging Strike
0-1: Ball
1-1: Called Strike
1-2: Ball
2-2: Fielders Choice at 2nd, 5-4 (Groundball, 5, EV 88.1 MPH)
Bottom of the 8th over - 0 runs, 1 hit, 0 errors, 1 left on base; Buckhead 8 - Detroit 2
TOP OF THE 9TH
Buckhead Bowties batting - Pitching for Detroit Elite : RHP Joel Plowden
Batting: RHB Juan Barrón 0-0: Called Strike
0-1: Foul Ball, location: 2F
0-2: DOUBLE (Line Drive, 89D, EV 110.6 MPH)
Batting: RHB Cam Lumsden 0-0: Reached on error, E6 (Groundball, 6, EV 81.2 MPH)
Juan Barrón to third
Batting: RHB Obiniana Romulo 0-0: Called Strike
0-1: Foul Ball, location: 2F
0-2: Ball
1-2: Ball
2-2: Ball
3-2: Base on Balls
Cam Lumsden to second
Batting: SHB Silvio Capitanio 0-0: Foul Ball, location: 2F
0-1: Ball
1-1: Grounds into fielders choice 1-2 (Groundball, 34S, EV 69.4 MPH)
Cam Lumsden to third
Obiniana Romulo to second
Batting: LHB Marcus Shill 0-0: Foul Ball, location: 2F
0-1: Ball
1-1: Ball
2-1: Ball
3-1: Base on Balls
Cam Lumsden scores
Obiniana Romulo to third
Silvio Capitanio to second
Batting: LHB Jesús Encarnación 0-0: Swinging Strike
0-1: Ball
1-1: Ball
2-1: SINGLE (Line Drive, 7LS, EV 93.1 MPH)
Obiniana Romulo scores
Silvio Capitanio to third
Marcus Shill to second
Runner from 3rd tries for Home, SAFE, no throw by LF
Batting: LHB Jared Schneider 0-0: Ball
1-0: Ball
2-0: Called Strike
2-1: Ball
Wild Pitch!
Marcus Shill to third
Jesús Encarnación to second
3-1: SINGLE (Line Drive, 5D, EV 96.2 MPH)
Marcus Shill scores
Jesús Encarnación to third
Runner from 3rd tries for Home, SAFE, throw by LF to home
Pitching: RHP Juan Amengual
Batting: LHB Spencer Powell 0-0: Foul Ball, location: 2F
0-1: Ball
1-1: Ball
2-1: Ball
3-1: Fly out, F5 (Popup, 5SF, EV 78.8 MPH)
Batting: RHB Barsati Saraf 0-0: Ball
1-0: Called Strike
1-1: Ball
2-1: SINGLE (Flyball, 5D, EV 93.8 MPH)
Jared Schneider to second
Batting: RHB Juan Barrón 0-0: Ball
1-0: Ball
2-0: Foul Ball, location: 2F
2-1: DOUBLE (Line Drive, 8RD, EV 100.0 MPH)
Jared Schneider scores
Barsati Saraf to third
Runner from 3rd tries for Home, SAFE, throw by CF to home
Batting: RHB Cam Lumsden 0-0: Ground out 5-3 (Groundball, 56S, EV 71.2 MPH)
Top of the 9th over - 7 runs, 5 hits, 1 error, 1 left on base; Buckhead 15 - Detroit 2
BOTTOM OF THE 9TH
Detroit Elite batting - Pitching for Buckhead Bowties : RHP Chin-yau Liu
Batting: RHB Freedon Akinmoladun 0-0: Foul Ball, location: 2F
0-1: DOUBLE (Groundball, 5L, EV 103.8 MPH)
Batting: RHB Estanislao Hirigoyen 0-0: Ball
1-0: Swinging Strike
1-1: Foul Ball, location: 2F
1-2: Ball
2-2: Ball
3-2: Foul Ball, location: 2F
3-2: Foul Ball, location: 2F
3-2: Strikes out swinging
Batting: LHB Ashley Thachi 0-0: Ball
1-0: Swinging Strike
1-1: Ground out 4-3 (Groundball, 4, EV 80.0 MPH)
Freedon Akinmoladun to third
Batting: RHB Sergio Aguero 0-0: Called Strike
0-1: Ball
1-1: Foul Ball, location: 2F
1-2: Strikes out swinging
Bottom of the 9th over - 0 runs, 1 hit, 0 errors, 1 left on base; Buckhead 15 - Detroit 2
Friday, March 26th, 2021 - OOTP Baseball 20.8 Build 74